 Dungeon Crawl Stone Soup version 0.31-a0-188-g5e087ee2ca (webtiles) character file.

Game seed: 8233966737723600195

581 Ijustatesigmund the Stinger (level 7, -2/44 HPs)
             Began as an Octopode Venom Mage on June 23, 2023.
             Killed from afar by an orc wizard (4 damage)
             ... with a magic dart
             ... on level 4 of the Dungeon.
             The game lasted 00:11:05 (4107 turns).

Ijustatesigmund the Stinger (Octopode Venom Mage)   Turns: 4107, Time: 00:11:06

Health: -2/44      AC:  1    Str:  7    XL:     7   Next: 36%
Magic:  0/12       EV: 13    Int: 19    God:
Gold:   248        SH:  0    Dex: 13    Spells: 2/13 levels left

rFire   . . .        d - +1 spear
rCold   . . .        (no shield)
rNeg    . . .        (helmet restricted)
rPois   .            (no amulet)
rElec   .            j - +4 ring of slaying
rCorr   .            (no ring)
SInv    .            (no ring)
Will    +....        (no ring)
Stlth   +++          (no ring)
HPRegen 0.27/turn    (no ring)
MPRegen 0.13/turn    (no ring)
                     (no ring)

%: no passive effects
@: mighty, radiating poison, enlightened, flying
A: almost no armour, amphibious, 8 rings, camouflage 1, gelatinous body 1,
(nimble swimmer 1), tentacles
a: no special abilities


You were on level 4 of the Dungeon.
You visited 1 branch of the dungeon, and saw 4 of its levels.
You also visited: Sewer.

You collected 248 gold pieces.

Inventory:

Hand Weapons
 d - a +1 spear (weapon)
Jewellery
 j - a +4 ring of slaying (left tentacle)
Scrolls
 e - a scroll of poison
 g - 2 scrolls of teleportation
Potions
 a - 2 potions of magic
 b - a potion of mutation
 f - 3 potions of enlightenment


   Skills:
 + Level 1.8 Fighting
 - Level 2.0 Dodging
 - Level 2.6 Stealth
 + Level 3.8 Spellcasting
 + Level 3.2 Conjurations
 - Level 1.0 Transmutations
 + Level 3.3 Air Magic
 + Level 5.8 Poison Magic


You had 2 spell levels left.
You knew the following spells:

 Your Spells              Type           Power      Damage    Failure   Level
a - Sting                 Tmut/Pois      64%        1d6       3%          1
b - Poisonous Vapours     Pois/Air       42%        N/A       3%          2
c - Mephitic Cloud        Conj/Pois/Air  19%        N/A       8%          3
d - Sandblast             Erth           6%         2d5       14%         1
e - Olgreb's Toxic Radia  Pois           25%        N/A       13%         4

Your spell library contained the following spells:

 Spells                   Type           Power      Damage    Failure   Level
 Passwall                 Tmut/Erth      4%         N/A       17%         2
 Stone Arrow              Conj/Erth      18%        3d8       22%         3
 Summon Forest            Summ/Tloc      1%         N/A       98%         5
 Eringya's Noxious Bog    Tmut/Pois      8%         N/A       99%         6
 Summon Hydra             Summ           1%         N/A       100%        7


Dungeon Overview and Level Annotations

Branches:
Dungeon (4/15)              Sewer (visited)
 Temple: D:4-7

Altars:

Shops:
D:2 [


Innate Abilities, Weirdness & Mutations

You cannot wear most types of armour.
You are amphibious.
You can wear up to eight rings at the same time.
Your skin changes colour to match your surroundings (Stealth+).
Your rubbery body absorbs attacks. (AC +1, EV +1)
((You are camouflaged when in or above water. (Stealth+)))
You have tentacles for arms and can constrict up to eight enemies at once.


Message History

The orc wizard flickers and vanishes!
Deactivating autopickup; reactivate with Ctrl-A.
The orc hits you with a +0 hand axe!
* * * LOW HITPOINT WARNING * * *
Casting: Poisonous Vapours (safe; 3% risk of failure)
Confirm with . or Enter, or press ? or * to list all spells.
The spell is quite dangerous to miscast (13% risk of failure)!
Continue anyway? [Y]es or [N]o only, please.
The spell is quite dangerous to miscast (13% risk of failure)!
Continue anyway?
You begin to radiate toxic energy.
The orc wizard shouts!
The orc wizard is poisoned.
The orc is poisoned.
The orc hits you with a +0 hand axe.
* * * LOW HITPOINT WARNING * * *
It was a potion of curing.
You feel better.
Your toxic aura wanes.
The orc wizard gestures wildly while chanting.
The orc wizard flickers and vanishes!
The orc hits you with a +0 hand axe.
* * * LOW HITPOINT WARNING * * *
You puncture the orc!
You kill the orc!
You miss something.
Reactivating autopickup.
You feel a bit more experienced.
A puff of flame appears from out of thin air!
Deactivating autopickup; reactivate with Ctrl-A.
The puff of flame hits you!
* * * LOW HITPOINT WARNING * * *
Casting: Olgreb's Toxic Radiance (quite dangerous; 13% risk of failure)
Confirm with . or Enter, or press ? or * to list all spells.
You can't see any susceptible monsters within range! (Use Z to cast anyway.)
Casting: Olgreb's Toxic Radiance (quite dangerous; 13% risk of failure)
Confirm with . or Enter, or press ? or * to list all spells.
The spell is quite dangerous to miscast (13% risk of failure)!
Continue anyway?
You begin to radiate toxic energy.
You feel very buoyant.
You fly up into the air.
A magic dart appears from out of thin air!
The magic dart hits you.
You die...

*,** **,* *,* #.,* ##.#*
*,* #..*##..# *,**
#..##...# *,,#* #.......#
*,..*** #.......#
**...,,, ##.......##
*##....,,,
#.........######......,,,
**
#.......@..){..†.†....,,,
,*
#.........)#...#....,,,,,
,*
#.....#....#~~~#,,,.,***,
,*
##...####..#~~~#*,,,,****
,* #..#*
##.#~~~#***,,,*** ,* #..*
###~~~# **,,,** ,* #.,*
#~.~# **,,,, ,* #,,*
#~~~# **,,, ,* *,,* #~÷~#
##..


There were no monsters in sight!

Vanquished Creatures
  Sigmund (D:3)
  A black bear (D:4)
  3 orc wizards
  A sickly merfolk siren (Sewer)
  A malarious merfolk avatar (Sewer)
  A gnoll (D:1)
  9 adders
  3 river rats (Sewer)
  A dart slug (D:3)
  6 orcs
  12 ball pythons
  3 bats
  3 endoplasms
  4 giant cockroaches
  4 hobgoblins
  8 jackals
  6 quokkas
  3 frilled lizards
  3 goblins
  9 kobolds
  25 rats
107 creatures vanquished.

Notes
Turn   | Place    | Note
-------+----------+-------------------------------------------
     0 | D:1      | Ijustatesigmund the Octopode Venom Mage began the quest for
                  | the Orb.
     0 | D:1      | Reached XP level 1. HP: 11/11 MP: 3/3
   393 | D:1      | Reached XP level 2. HP: 16/18 MP: 3/5
   396 | D:1      | Learned a level 2 spell: Poisonous Vapours
   504 | D:1      | Reached skill level 1 in Fighting
   504 | D:1      | Reached skill level 4 in Poison Magic
   801 | D:1      | Reached XP level 3. HP: 10/23 MP: 2/6
   805 | D:1      | Learned a level 3 spell: Mephitic Cloud
  1021 | D:2      | Found Lijem's Antique Armour Shoppe.
  1353 | D:2      | Reached skill level 1 in Air Magic
  1500 | D:2      | Found a faded altar of an unknown god.
  1690 | D:2      | Reached XP level 4. HP: 16/28 MP: 2/7
  1753 | D:2      | Reached skill level 1 in Conjurations
  2562 | D:3      | Noticed Sigmund
  2581 | D:3      | Killed Sigmund
  2582 | D:3      | Reached skill level 5 in Poison Magic
  2582 | D:3      | Reached XP level 5. HP: 31/33 MP: 1/9
  2582 | D:3      | Reached XP level 6. HP: 35/38 MP: 1/10
  3457 | D:4      | Found a glowing drain.
  3476 | Sewer    | Entered a sewer
  3863 | Sewer    | Learned a level 1 spell: Sandblast
  3887 | Sewer    | Reached XP level 7. HP: 43/43 MP: 7/12
  3900 | Sewer    | Learned a level 4 spell: Olgreb's Toxic Radiance
  4105 | D:4      | HP: 2/44 [something/puff of flame (8)]
  4107 | D:4      | Killed from afar by an orc wizard

Illustrated notes

Levels and vault maps discovered:
D:1:      dpeg_arrival_long_road, layout_loops_cross,
          dreamdust_princess_corridor, nicolae_concentric_dashed_squares_wild,
          chequers_hall_statues_wall_a
D:2:      layout_basic, shapermc_ecumenical_altar_mp_vishouse, serial_shops,
          shop, roderic_roman_lattice, minmay_misc_feat_chi, minmay_hedge_maze
D:3:      layout_basic, solitary_fountain, amcnicky_mini_pool_small,
          uniq_sigmund
D:4:      layout_layer_cave, okawaru_ov_weapons_minmay,
          nzn_hepliaklqana_mist_gate, portal_sewer_entry_f

Skill      XL: |  1  2  3  4  5  6  7 |
---------------+----------------------+-----
Fighting       | 1 |  1.8
Poison Magic   | 4 5 |  5.8
Air Magic      | 1 2 3 |  3.3
Conjurations   | 2 3 |  3.2
Spellcasting   | 3 |  3.8
Dodging        | |  2.0
Stealth        | |  2.6
Transmutations | |  1.0

Action                     |  1- 3 |  4- 6 |  7- 9 || total
---------------------------+-------+-------+-------++-------
  Melee: Unarmed           |     4 |       |       ||     4
         Constrict         |    12 |    25 |     1 ||    38
         Short sword       |     8 |       |       ||     8
         Tentacles         |    33 |    23 |     1 ||    57
         Spear             |    99 |   131 |     9 ||   239
         Punch             |       |     1 |       ||     1
   Cast: Sting             |     6 |     4 |       ||    10
         Poisonous Vapours |    19 |    29 |     3 ||    51
         Mephitic Cloud    |       |     2 |       ||     2
         Sandblast         |       |     1 |       ||     1
         Olgreb's Toxic Ra |       |       |     3 ||     3
    Use: Scroll            |       |     8 |       ||     8
         Potion            |       |       |     3 ||     3
   Stab: Sleeping          |     3 |    21 |       ||    24
         Confused          |       |     2 |       ||     2
         Distracted        |       |     1 |       ||     1
 Armour: Skin              |     5 |     3 |       ||     8
  Dodge: Dodged            |    15 |    35 |     4 ||    54

Table legend: (Time is in decaauts)
 A = Elapsed time spent in this place.
 B = Non-inter-level travel time spent in this place.
 C = Inter-level travel time spent in this place.
 D = Time resting spent in this place.
 E = Time spent auto-exploring this place.
 F = Levels seen in this place.
 G = Mean time per level.
                   A        B        C        D        E       F      G
               +--------+--------+--------+--------+--------+-----+--------+
         Total |   4129 |   4048 |     81 |    489 |   2851 |   5 |  825.8 |
       Dungeon |   3545 |   3464 |     81 |    441 |   2503 |   4 |  886.2 |
         Sewer |    583 |    583 |      0 |     48 |    348 |   1 |  583.0 |
               +--------+--------+--------+--------+--------+-----+--------+

Top non-repeatable levels by time:
     D:2: 1693 daAuts
     D:1: 1009 daAuts
     D:3: 719 daAuts
   Sewer: 583 daAuts
     D:4: 123 daAuts
